 Dungeon Crawl Stone Soup version 0.17-a0-1479-g4041c36 (webtiles) character file.

10397 abixa the Severer (level 11, -1/102 HPs)
             Began as a Hill Orc Gladiator on July 3, 2015.
             Was an Elder of Okawaru.
             Slain by a gargoyle
             ... wielding a +2 mace of draining
              (4 damage)
             ... on level 11 of the Dungeon.
             The game lasted 00:43:59 (15667 turns).

abixa the Severer (Hill Orc Gladiator)             Turns: 15667, Time: 00:44:00

Health: -1/102     AC: 16    Str: 19    XL:     11   Next: 61%
Magic:  9/11       EV: 15    Int:  8    God:    Okawaru [****..]
Gold:   1038       SH:  0    Dex: 14    Spells: 2 memorised, 6 levels left

rFire  . . .     SeeInvis .     a - +0 war axe
rCold  + . .     Clarity  +     A - +0 chain mail {rPois}
rNeg   . . .     SustAt   .     (no shield)
rPois  +         Gourm    .     c - +0 helmet
rElec  .         Spirit   .     Q - +0 cloak
rCorr  .         Warding  .     (no gloves)
rMut   .         Stasis   .     w - +0 pair of boots {Stlth+}
MR     .....                    f - amulet of clarity
Stlth  +.........               W - +4 ring of evasion
                                p - ring of protection from cold

@: heroism, drained, not resistant to hostile enchantments, very unstealthy
A: no striking features
a: Heroism, Renounce Religion


You were on level 11 of the Dungeon.
You worshipped Okawaru.
Okawaru was greatly pleased with you.
You were very hungry.

You visited 2 branches of the dungeon, and saw 12 of its levels.

You collected 1038 gold pieces.

Inventory:

Hand weapons
 a - a +0 war axe (weapon)
 b - a +0 blowgun
 I - a +0 halberd
Missiles
 d - 4 throwing nets (quivered)
 B - 68 poisoned needles
 H - 7 javelins
 J - 20 tomahawks
 Y - 5 poisoned tomahawks
Armour
 c - a +0 helmet (worn)
 h - a +0 leather armour of cold resistance
 w - a +0 pair of boots of stealth (worn)
 A - a +0 chain mail of poison resistance (worn)
 Q - a +0 cloak (worn)
Jewellery
 f - an amulet of clarity (around neck)
 p - a ring of protection from cold (left hand)
 M - an uncursed ring of flight
 U - an uncursed ring of see invisible
 W - a +4 ring of evasion (right hand)
Magical devices
 i - a wand of fire (3)
 q - a wand of lightning (3)
 v - a wand of paralysis (7)
 F - a wand of draining (5)
 N - a wand of teleportation (5)
 X - a wand of polymorph (11)
Scrolls
 g - a scroll of blinking
 z - 2 scrolls of enchant armour
 C - a scroll of immolation
 E - 3 scrolls of teleportation
 K - a scroll of fog {unknown}
 P - a scroll of vulnerability {unknown}
 R - a scroll of recharging {unknown}
 V - a scroll of brand weapon {unknown}
Potions
 j - 2 potions of flight
 k - 6 potions of curing
 l - 2 potions of agility
 m - 2 potions of magic
 o - a potion of ambrosia {unknown}
 r - 6 potions of heal wounds
 s - a potion of cancellation {unknown}
 t - 2 potions of brilliance
 D - 2 potions of resistance
 G - a potion of might {unknown}
 O - 2 potions of lignification
 S - a potion of berserk rage {unknown}
Miscellaneous
 y - a fan of gales
Comestibles
 e - 10 bread rations
 n - 8 slices of pizza
 u - 2 royal jellies
 L - 5 meat rations
 T - a beef jerky


   Skills:
 + Level 11.5(15.2) Fighting
 * Level 16.8(20.4) Axes
 - Level 2.0(5.9) Throwing
 + Level 7.4(11.2) Armour
 - Level 2.4(6.3) Dodging
 - Level 1.0(0.1) Invocations


You had 6 spell levels left.
You knew the following spells:

 Your Spells              Type           Power        Failure   Level  Hunger
a - Repel Missiles        Chrm/Air       #.....       100%        2    ###....
b - Swiftness             Chrm/Air       #.......     100%        2    ###....


Dungeon Overview and Level Annotations

Branches:
Dungeon (11/15)            Temple (1/1) D:7            Lair (0/8) D:8
    Orc (0/4) D:11

Altars:
Ashenzari
Cheibriados
Dithmenos
Elyvilon
Fedhas
Gozag
Kikubaaqudgha
Makhleb
Nemelex Xobeh
Okawaru
Qazlal
Ru
Sif Muna
Trog
Vehumet
Xom
Yredelemnul
Zin
The Shining One

Annotations:
D:6 Oddysee's ghost, experienced MiBe


Message History

You gain the combat prowess of a mighty hero.
You feel slightly more hungry.
The gargoyle hurls a stone arrow at you.
The stone arrow hits you!
You are feeling very hungry.
You hit the gargoyle but do no damage.
The gargoyle hurls a stone arrow at you.
The stone arrow hits you!
* * * LOW HITPOINT WARNING * * *
You barely miss the gargoyle.
The gargoyle hurls a stone arrow at you.
The stone arrow misses you.
You slash the gargoyle!
The gargoyle is heavily damaged.
You completely miss the gargoyle.
The gargoyle is heavily damaged.
The gargoyle hits you with a mace of draining!
* * * LOW HITPOINT WARNING * * *
You feel drained.
You die...

.....<.....)...............
....).#'###'##################
.####.#....................... .#
#.#....................... .#
#.#......5................
.####.#.....................).
......#########'######'##########
..................9..............
..............5..@####...##.....#
.......#..........# #...##.....#
.......#..........# #..........#
.......#..........# #..........#
.......#..........####..........#
................................#
................................
################################


You could see a gargoyle, a crimson imp and a shadow imp.

Vanquished Creatures
  A centaur warrior (D:11)
  Pikel (D:7)
  An ugly thing (D:11)
  A salamander (shapeshifter) (D:10)
  Prince Ribbit (D:5)
  A trapdoor spider zombie (D:9)
  Sigmund (D:6)
  A hill giant zombie (D:11)
  A yak (D:10)
  A deep elf fighter (D:10)
  2 hungry ghosts
  Eustachio (D:5)
  A wraith (D:10)
  A wyvern (D:10)
  3 hippogriffs
  Menkaure (D:5)
  A steam dragon (D:10)
  A water moccasin (D:11)
  2 slaves (D:7)
  2 ice beasts
  6 orc warriors
  5 centaurs
  3 phantoms
  9 ogres
  A crocodile (D:7)
  6 big kobolds
  7 giant frogs
  A water moccasin zombie (D:10)
  10 wights
  A wyvern skeleton (D:10)
  6 killer bees
  A giant frog zombie (D:7)
  3 crimson imps
  A gnoll shaman (D:4)
  10 orc priests
  4 centaur skeletons
  3 giant frog skeletons
  6 hounds
  Terence (D:2)
  3 iguanas
  8 orc wizards
  10 worker ants
  5 ogre zombies (D:11)
  A hound zombie (D:5)
  A hound skeleton (D:6)
  A worker ant zombie (D:11)
  14 gnolls
  17 adders
  3 oozes
  3 adder skeletons
  2 adder zombies
  2 worms
  9 giant geckos
  49 orcs
  A ball python (D:5)
  16 bats
  2 bat skeletons
  3 giant cockroaches
  36 goblins
  29 hobgoblins
  20 jackals
  31 kobolds
  5 quokkas
  A giant gecko zombie (D:6)
  4 giant newts
  3 goblin zombies (D:11)
  2 hobgoblin skeletons (D:11)
  2 hobgoblin zombies (D:11)
  A jackal skeleton (D:4)
  3 orc skeletons (D:11)
  9 orc zombies (D:11)
  16 rats
  A butterfly (D:9)
422 creatures vanquished.

Vanquished Creatures (others)
  A sky beast (D:7)
  A slave (D:7)
2 creatures vanquished.

Grand Total: 424 creatures vanquished

Notes
Turn   | Place    | Note
--------------------------------------------------------------
     0 | D:1      | abixa the Hill Orc Gladiator began the quest for the Orb.
     0 | D:1      | Reached XP level 1. HP: 18/18 MP: 1/1
   303 | D:1      | Reached XP level 2. HP: 25/25 MP: 2/2
   368 | D:1      | Reached skill level 5 in Axes
   857 | D:1      | Reached XP level 3. HP: 28/30 MP: 3/3
  1424 | D:2      | Reached skill level 6 in Axes
  1602 | D:2      | Noticed Terence
  1622 | D:2      | Killed Terence
  1622 | D:2      | Reached XP level 4. HP: 6/37 MP: 4/4
  2138 | D:2      | Reached skill level 7 in Axes
  2468 | D:3      | Reached XP level 5. HP: 42/42 MP: 5/5
  2946 | D:3      | Reached skill level 8 in Axes
  3151 | D:4      | Reached XP level 6. HP: 47/50 MP: 6/6
  3352 | D:4      | Reached skill level 9 in Axes
  4377 | D:4      | Reached skill level 10 in Axes
  4377 | D:4      | Reached XP level 7. HP: 40/56 MP: 7/7
  4708 | D:4      | Reached skill level 11 in Axes
  4935 | D:5      | Entered Level 5 of the Dungeon
  4966 | D:5      | Reached XP level 8. HP: 45/62 MP: 8/8
  5118 | D:5      | Noticed Menkaure
  5125 | D:5      | Reached skill level 12 in Axes
  5326 | D:5      | Noticed Eustachio
  5418 | D:5      | Killed Menkaure
  5945 | D:5      | Reached skill level 5 in Fighting
  5972 | D:5      | Noticed Prince Ribbit
  6583 | D:5      | Killed Prince Ribbit
  6583 | D:5      | Reached skill level 13 in Axes
  6583 | D:5      | Reached XP level 9. HP: 42/75 MP: 9/9
  6734 | D:5      | Killed Eustachio
  7010 | D:6      | Found a shadowy altar of Dithmenos.
  7039 | D:6      | Noticed Sigmund
  7067 | D:6      | Killed Sigmund
  7277 | D:6      | Noticed Oddysee's ghost (experienced MiBe)
  7630 | D:6      | Found an iron altar of Okawaru.
  7635 | D:6      | Became a worshipper of Warmaster Okawaru
  8315 | D:7      | Reached skill level 14 in Axes
  8979 | D:7      | Found a staircase to the Ecumenical Temple.
  8988 | Temple   | Entered the Ecumenical Temple
  9265 | D:7      | Acquired Okawaru's first power
  9291 | D:7      | HP: 1/82 [orc priest/divine providence (11)]
  9820 | D:7      | Noticed Pikel
  9857 | D:7      | Killed Pikel
  9857 | D:7      | Reached XP level 10. HP: 85/91 MP: 10/10
 10056 | D:7      | Reached skill level 15 in Axes
 10108 | D:7      | Found a deep blue altar of Sif Muna.
 10313 | D:8      | Found a sparkling altar of Nemelex Xobeh.
 10374 | D:8      | Found a staircase to the Lair.
 10414 | D:8      | Found a shattered altar of Ashenzari.
 10423 | D:8      | Reached skill level 1 in Armour
 10423 | D:8      | Reached skill level 1 in Invocations
 10464 | D:8      | Found a glowing golden altar of the Shining One.
 10702 | D:8      | Reached skill level 10 in Fighting
 11287 | D:9      | Found a white marble altar of Elyvilon.
 11342 | D:9      | Found an ancient bone altar of Kikubaaqudgha.
 12340 | D:9      | Found a shimmering altar of Xom.
 12349 | D:9      | Paralysed by a wight for 6 turns
 12358 | D:9      | Reached skill level 5 in Armour
 12495 | D:10     | Entered Level 10 of the Dungeon
 12640 | D:10     | Got a warped falchion
 12907 | D:10     | Reached XP level 11. HP: 99/101 MP: 11/11
 13049 | D:10     | Found a large runed door.
 13049 | D:10     | Found a large runed door.
 13096 | D:10     | Reached skill level 16 in Axes
 13188 | D:10     | Got a warped hand crossbow
 13225 | D:10     | Found a large runed door.
 13225 | D:10     | Found a large runed door.
 13458 | D:10     | Learned a level 2 spell: Repel Missiles
 13461 | D:10     | Learned a level 2 spell: Swiftness
 13810 | D:10     | Noticed a brown ugly thing
 14048 | D:11     | Killed a brown ugly thing
 14640 | D:11     | Found a staircase to the Orcish Mines.
 14754 | D:11     | Noticed a centaur warrior
 14778 | D:11     | Killed a centaur warrior
 15183 | D:10     | Identified a scroll of acquirement
 15667 | D:11     | HP: 3/102 [gargoyle/mace of draining (10)]
 15667 | D:11     | Slain by a gargoyle

Vault maps used:
D:1:      minmay_arrival_radiant_lines
D:2:      kennysheep_cross_bottleneck, uniq_terence
D:3:      first_bread
D:4:      minmay_goblin_kobold_castle
D:5:      uniq_menkaure, uniq_eustachio, uniq_prince_ribbit1
D:6:      grunt_dithmenos_smoke_and_mirrors, okawaru_trees_2, uniq_sigmund
D:7:      lemuel_blue_sif_altar, temple_fountains, uniq_pikel
D:8:      evilmike_ruin_ashenzari, old_standard_altar, nemelex_altar_shiori,
          lair_0_dummy
D:9:      minmay_goldmine, kennysheep_little_box, xom_butterflies,
          kennysheep_mini
D:10:     grunt_pizzeria, minmay_holes, minmay_hollow_rounded_squares
D:11:     zombieorc1_lemuel
Temple:   bh_familiar_temple

Action                   |  1- 3 |  4- 6 |  7- 9 | 10-12 || total
-------------------------+-------+-------+-------+-------++-------
Melee: War axe           |   145 |   301 |   416 |   599 ||  1461
 Fire: Blowgun           |       |     2 |    61 |    24 ||    87
Throw: Stone             |     4 |       |       |       ||     4
Invok: Heroism           |       |       |       |     1 ||     1
  Use: Scroll            |       |       |       |    17 ||    17
 Stab: Distracted        |       |       |       |     1 ||     1
  Eat: Chunk             |     2 |    10 |    17 |    15 ||    44
       Beef jerky        |       |       |       |     2 ||     2
